 Dungeon Crawl Stone Soup version 0.24.0-13-gcf9b319 (webtiles) character file.

Game seed: 17938025607087541287, levelgen mode: deterministic

17517 unrecovered the Fighter (level 12, 0/109 (110) HPs)
             Began as a Centaur Hunter on Dec 14, 2019.
             Was a High Priest of Okawaru.
             Slain by an orc warrior
             ... wielding a +0 glaive
             ... led by an orc knight
              (7 damage)
             ... while paralysed by an orc sorcerer
             ... on level 1 of the Orcish Mines.
             The game lasted 00:39:36 (12047 turns).

unrecovered the Fighter (Centaur Hunter)           Turns: 12047, Time: 00:39:37

HP:   0/109 (110)   AC: 14    Str: 14    XL:     12   Next: 19%
MP:   0/15          EV:  1    Int: 13    God:    Okawaru [*****.]
Gold: 345           SH:  0    Dex: 16    Spells: 8/11 levels left

rFire    + + +     SeeInvis +   p - +9 war axe of Recklessness {distort, rElec rF+ Int+3}
rCold    . . .     Gourm    .   s - +0 buckler
rNeg     . . .     Faith    .   k - +3 troll leather armour {Purgy}
rPois    .         Spirit   +   (no helmet)
rElec    +         Reflect  .   r - +3 cloak of the Spheres {rF+ SInv Stlth+}
rCorr    .         Harm     .   x - +0 pair of gloves
MR       .....                  (no barding)
Stlth    +++.......             u - amulet of guardian spirit
HPRegen  0.68/turn              w - ring of protection from fire
MPRegen  0.14/turn              y - +2 ring of evasion (curse)

@: paralysed, heroism, very quick
A: large, hooves 3, deformed body, speed 2, tough skin 3
a: Heroism, Finesse, Renounce Religion


You were on level 1 of the Orcish Mines.
You worshipped Okawaru.
Okawaru was extremely pleased with you.
You were not hungry.

You visited 2 branches of the dungeon, and saw 14 of its levels.
You also visited: Sewer.

You collected 877 gold pieces.
You spent 532 gold pieces at shops.

Inventory:

Hand Weapons
 d - a +4 quarterstaff of chaos
 p - the +9 war axe of Recklessness (weapon) {distort, rElec rF+ Int+3}
   (You found it on level 6 of the Dungeon)

   It warps and distorts space around it.
   Unwielding it can cause banishment or high damage.
   It affects your intelligence (+3).
   It protects you from fire.
   It insulates you from electricity.
 E - a +3 shortbow
 H - a +1 shortbow of freezing
Missiles
 l - 413 arrows
Armour
 k - a +3 troll leather armour (worn) {Purgy}
 r - the +3 cloak of the Spheres (worn) {rF+ SInv Stlth+}
   (You bought it in a shop on level 6 of the Dungeon)

   It protects you from fire.
   It lets you see invisible.
   It makes you more stealthy.
 s - a +0 buckler (worn)
 x - a +0 pair of gloves (worn)
Jewellery
 u - an amulet of guardian spirit (around neck)
 w - a ring of protection from fire (left hand)
 y - a cursed +2 ring of evasion (right hand)
Wands
 C - a wand of digging (2)
 G - a wand of paralysis (5)
Scrolls
 e - 4 scrolls of remove curse
 h - 7 scrolls of teleportation
 i - 4 scrolls of amnesia
 j - 3 scrolls of enchant weapon
 m - 3 scrolls of magic mapping
 o - 2 scrolls of blinking
 t - a scroll of identify
 B - a scroll of fear
 D - a scroll of fog
 F - a scroll of torment {unknown}
Potions
 b - a potion of curing
 c - 4 potions of flight
 g - 2 potions of lignification
 n - a potion of heal wounds
 q - 2 potions of mutation
 v - 3 potions of haste
 z - a potion of resistance
 A - a potion of magic
Comestibles
 a - 3 chunks of flesh
 f - 27 rations


   Skills:
 + Level 11.0(16.0) Fighting
 + Level 9.1(14.1) Axes
 - Level 10.9(15.9) Bows
 + Level 7.2(12.2) Dodging
 - Level 0.4(5.4) Stealth
 - Level 4.0(9.0) Shields
 - Level 5.1 Invocations


You had 8 spell levels left.
You knew the following spells:

 Your Spells              Type           Power        Failure   Level  Hunger
a - Portal Projectile     Hex/Tloc       #.....       75%         3    ####...

Your spell library contained the following spells:

 Spells                   Type           Power        Failure   Level  Hunger
 Corona                   Hex            #......      36%         1    ##.....
 Flame Tongue             Conj/Fire      #....        36%         1    ##.....
 Freeze                   Ice            #...         36%         1    ##.....
 Sting                    Conj/Pois      #...         36%         1    ##.....
 Poisonous Vapours        Pois/Air       #.....       50%         2    ###....
 Slow                     Hex            #.......     50%         2    ###....
 Throw Frost              Conj/Ice       #.....       50%         2    ###....
 Inner Flame              Hex/Fire       #.......     75%         3    ####...
 Mephitic Cloud           Conj/Pois/Air  #.......     75%         3    ####...
 Ozocubu's Armour         Chrm/Ice       #.......     75%         3    ####...
 Cause Fear               Hex            #.........   98%         4    #####..
 Leda's Liquefaction      Hex/Erth       #.........   98%         4    #####..
 Olgreb's Toxic Radiance  Pois           #.......     98%         4    #####..
 Summon Ice Beast         Ice/Summ       #.......     98%         4    #####..
 Throw Icicle             Conj/Ice       #.......     98%         4    #####..
 Venom Bolt               Conj/Pois      #.........   100%        5    ######.


Dungeon Overview and Level Annotations

Branches:
Dungeon (13/15)            Temple (0/1) D:4            Lair (0/6) D:9
    Orc (1/2) D:9           Sewer (visited)
 Vaults: D:13-14

Altars:
Gozag
Kikubaaqudgha
Nemelex Xobeh
Okawaru
Qazlal
Sif Muna
Trog
Uskayaw
Yredelemnul

Shops:
D:6 *   D:9 ?=   D:10 !   Orc:1 }

Annotations:
D:10 Fang's ghost, journeyman GrBe
Abyss:1 Fannar


Innate Abilities, Weirdness & Mutations

You have hooves in place of feet.
Armour fits poorly on your strangely shaped body.
You cover ground very quickly.
You have extremely tough skin. (AC +3)


Message History

You hit the orc knight.
The orc knight looks slightly unstable.
You hear a shout!
The orc warrior hits you from afar with a +0 glaive!
The orc wizard gestures wildly while chanting.
The orc wizard flickers and vanishes for a moment.
The orc sorcerer casts a spell.
The orc knight roars a battlecry!
The orcs go into a battle-frenzy!
You miss the orc sorcerer. You kick the orc sorcerer.
The orc sorcerer is severely wounded.
You hit the orc knight.
The orc knight blinks!
The orc warrior closely misses you. The orc sorcerer casts a spell at you.
You suddenly lose the ability to move!
The orc warrior hits you from afar with a +0 glaive!!!
* * * LOW HITPOINT WARNING * * *
The orc priest invokes the aid of Beogh against you.
Beogh smites you!
* * * LOW HITPOINT WARNING * * *
The orc warrior hits you from afar with a +0 glaive!
You die...

...#.......##......#.#
...........##.....##.##
##......#.......##....#
.......#......##.....#
......###.∩.####......
...........#.##.....#
..##.......##....#
##............###
#.......##.#@o..#
......#####4o§o..#
...... #..o$oo...#
...#.# ##.#......#
##..o..o.. #....o..
..##.#. .## ##


You could see an orc knight, an ice devil, an orc sorcerer, 2 orc warriors, an
orc priest, 2 orc wizards and 2 orcs.

Vanquished Creatures
  A centaur warrior (D:13)
  2 death yaks
  An ugly thing (D:12)
  A manticore (D:13)
  A gargoyle (D:12)
  A rime drake (D:10)
  A kobold demonologist (D:12)
  4 trolls
  A polar bear (D:10)
  An air elemental (D:11)
  2 centaur simulacra (D:10)
  3 hippogriffs
  2 water elementals
  A wraith (D:10)
  8 yaks
  4 vampire mosquitoes (D:12)
  2 hungry ghosts
  Edmund (D:6)
  A soldier ant (D:11)
  A water moccasin (D:8)
  A porcupine (D:9)
  Purgy (Sewer)
  6 ice beasts
  5 orc warriors
  A black bear (D:10)
  A necrophage (D:11)
  A phantom (D:9)
  4 sky beasts
  2 ogres (D:9)
  3 wolves (D:10)
  12 centaurs
  A crocodile (D:5)
  An earth elemental (D:11)
  7 bullfrogs
  2 scorpions
  A wyvern skeleton (D:7)
  15 killer bees
  4 wights (D:4)
  A howler monkey (D:10)
  An electric eel (D:10)
  A centaur zombie (D:10)
  4 crimson imps
  A bullfrog zombie (D:13)
  A quasit (D:10)
  A wyvern simulacrum (D:10)
  Crazy Yiuf (D:2)
  A hound (D:9)
  3 jellies
  2 orc priests
  14 orc wizards
  4 bullfrog skeletons
  6 iguanas
  10 worker ants
  3 hell rats (D:9)
  3 hound zombies
  A howler monkey zombie (D:7)
  13 adders
  3 gnolls
  2 river rats (D:9)
  A shadow imp (D:10)
  6 white imps (D:10)
  3 ufetubi (D:10)
  2 oozes (D:1)
  An adder zombie (D:9)
  5 worms
  2 dart slugs
  5 leopard geckos
  43 orcs
  7 giant cockroaches
  6 goblins
  8 hobgoblins
  7 jackals
  2 quokkas
  4 ball pythons
  4 bats
  11 frilled lizards
  A jackal skeleton (D:6)
  6 kobolds
  2 quokka skeletons
  9 rats
318 creatures vanquished.

Vanquished Creatures (others)
  A centaur warrior (D:13)
  A death yak (D:9)
  A hornet (D:11)
  A yak (D:9)
  A hungry ghost (D:10)
  A fire elemental (D:11)
  2 orc warriors
  A human (D:6)
  A centaur (D:12)
  An ogre (D:7)
  A killer bee (D:8)
  A bullfrog skeleton (D:10)
  2 centaur simulacra (D:10)
  A howler monkey skeleton (D:10)
16 creatures vanquished.

Grand Total: 334 creatures vanquished

Notes
Turn   | Place    | Note
-------+----------+-------------------------------------------
     0 | D:1      | unrecovered the Centaur Hunter began the quest for the Orb.
     0 | D:1      | Reached XP level 1. HP: 17/17 MP: 1/1
   210 | D:1      | Reached XP level 2. HP: 24/24 MP: 2/2
   479 | D:1      | Reached XP level 3. HP: 25/29 MP: 3/3
  1335 | D:2      | Reached XP level 4. HP: 28/36 MP: 4/4
  1725 | D:2      | Found an iron altar of Okawaru.
  1934 | D:2      | Found a runed translucent door.
  1935 | D:2      | Noticed Crazy Yiuf
  2012 | D:2      | Killed Crazy Yiuf
  2051 | D:2      | Became a worshipper of Warmaster Okawaru
  2439 | D:3      | Reached XP level 5. HP: 31/42 MP: 5/5
  2957 | D:3      | Found a bloodstained altar of Trog.
  3035 | D:4      | Reached skill level 1 in Invocations
  3117 | D:4      | Found a stormy altar of Qazlal.
  3337 | D:4      | Reached skill level 3 in Fighting
  3337 | D:4      | Reached XP level 6. HP: 51/51 MP: 7/7
  3422 | D:4      | Reached * piety under Okawaru
  3471 | D:4      | Found a staircase to the Ecumenical Temple.
  3678 | D:4      | Reached XP level 7. HP: 35/57 MP: 5/8
  3885 | D:5      | Entered Level 5 of the Dungeon
  3885 | D:5      | Found a glowing drain.
  3885 | D:5      | Noticed Prince Ribbit
  4044 | D:5      | Noticed Prince Ribbit
  4044 | D:5      | Prince Ribbit changed into Prince Ribbit the crocodile
  4046 | D:5      | Killed Prince Ribbit the crocodile
  4095 | Sewer    | Entered a sewer
  4223 | Sewer    | Noticed Purgy
  4230 | Sewer    | Killed Purgy
  4425 | D:5      | Reached ** piety under Okawaru
  4574 | D:5      | Reached skill level 4 in Fighting
  4678 | D:5      | Found a basalt altar of Yredelemnul.
  5016 | D:6      | Reached skill level 10 in Bows
  5105 | D:6      | Noticed Edmund
  5114 | D:6      | Killed Edmund
  5114 | D:6      | Reached XP level 8. HP: 66/66 MP: 7/10
  5316 | D:6      | Found Baploupe's Assorted Antiques.
  5319 | D:6      | Bought a crude cloak for 228 gold pieces
  5329 | D:6      | Identified the +3 cloak of the Spheres {rF+ SInv Stlth+}
                  | (You bought it in a shop on level 6 of the Dungeon)
  5481 | D:6      | Found an ancient bone altar of Kikubaaqudgha.
  5531 | D:6      | Found a shimmering blue altar of Sif Muna.
  5625 | D:6      | Learned a level 3 spell: Portal Projectile
  5683 | D:6      | Identified Sif Muna's Grimoire of Ignition
  5875 | D:6      | Got a pitted war axe
  5876 | D:6      | Identified the +9 war axe of Recklessness {distort, rElec
                  | rF+ Int+3} (You found it on level 6 of the Dungeon)
  6077 | D:7      | Noticed a hippogriff
  6082 | D:7      | Killed a hippogriff
  6082 | D:7      | Reached skill level 5 in Fighting
  6082 | D:7      | Reached skill level 1 in Axes
  6084 | D:7      | Reached skill level 1 in Shields
  6422 | D:7      | Reached *** piety under Okawaru
  6422 | D:7      | Reached skill level 5 in Invocations
  6455 | D:7      | Reached XP level 9. HP: 74/74 MP: 12/12
  6751 | D:7      | Reached skill level 6 in Fighting
  7377 | D:8      | Reached **** piety under Okawaru
  7377 | D:8      | Received a gift from Okawaru
  7838 | D:8      | Reached skill level 7 in Fighting
  8437 | D:9      | Found a staircase to the Orcish Mines.
  8437 | D:9      | Found Onwav's Magic Scroll Shoppe.
  8449 | D:9      | Noticed a troll
  8460 | D:9      | Killed a troll
  8460 | D:9      | Reached XP level 10. HP: 32/86 MP: 4/13
  8654 | D:9      | Found Geyt's Jewellery Boutique.
  8654 | D:9      | Noticed a cyan ugly thing
  8790 | D:9      | Found a hide-covered altar of Uskayaw.
  8793 | D:9      | Found an opulent altar of Gozag.
  8826 | D:9      | Reached skill level 5 in Axes
  8921 | D:9      | Bought a scroll of enchant weapon for 112 gold pieces
  8921 | D:9      | Bought a scroll of fear for 52 gold pieces
  8921 | D:9      | Bought a scroll of identify for 30 gold pieces
  8921 | D:9      | Bought a scroll of identify for 30 gold pieces
  9160 | D:9      | Reached skill level 8 in Fighting
  9169 | D:9      | Noticed a death yak
  9170 | D:9      | Noticed a death yak
  9172 | D:9      | Noticed a death yak
  9173 | D:9      | Found a staircase to the Lair.
  9186 | D:9      | Received a gift from Okawaru
  9189 | D:9      | Banished a death yak
  9527 | D:9      | Killed a death yak
  9556 | D:9      | Found a sparkling altar of Nemelex Xobeh.
  9598 | D:10     | Entered Level 10 of the Dungeon
  9637 | D:10     | Reached skill level 5 in Dodging
  9650 | D:10     | Reached ***** piety under Okawaru
  9650 | D:10     | Reached skill level 9 in Fighting
  9681 | D:10     | Noticed a death yak
  9798 | D:10     | Found a runed translucent gate.
  9798 | D:10     | Found a runed translucent gate.
  9798 | D:10     | Found a runed translucent gate.
  9832 | D:10     | Noticed Fang's ghost (journeyman GrBe)
  9852 | D:10     | Received a gift from Okawaru
  9852 | D:10     | Reached XP level 11. HP: 20/97 MP: 3/14
 10072 | D:10     | Killed a death yak
 10293 | D:10     | Found Qyvibb's Distillery.
 10296 | D:10     | Bought a potion of heal wounds for 80 gold pieces
 10778 | D:11     | Received a gift from Okawaru
 10796 | D:11     | You fall into a shaft and drop 2 floors!
 10803 | D:13     | Noticed an eight-headed hydra
 10803 | D:13     | Noticed a centaur warrior
 10811 | D:13     | Reached skill level 10 in Fighting
 10835 | D:13     | Noticed a centaur warrior
 10845 | D:13     | Noticed a white ugly thing
 10847 | D:13     | Killed a centaur warrior
 10847 | D:13     | Received a gift from Okawaru
 10972 | D:13     | Noticed a six-headed hydra
 10994 | D:13     | Banished a centaur warrior
 11036 | D:12     | Noticed a cyan ugly thing
 11048 | D:12     | Killed a cyan ugly thing
 11159 | D:12     | Noticed a red ugly thing
 11173 | D:12     | Received a gift from Okawaru
 11229 | D:12     | Banished a red ugly thing
 11229 | D:12     | Reached XP level 12. HP: 75/107 MP: 12/15
 11329 | D:12     | Identified a scroll of acquirement
 11331 | D:12     | Got a steaming hat
 11337 | D:12     | Identified the -6 hat of a treasure trove {*Slow rElec MR+}
                  | (You acquired it on level 12 of the Dungeon)
 11390 | D:12     | Noticed Fannar
 11451 | D:12     | Banished Fannar
 11764 | D:11     | Reached skill level 11 in Fighting
 11800 | D:11     | Found a large runed translucent door.
 11801 | D:11     | Found a large runed translucent door.
 11986 | Orc:1    | Entered Level 1 of the Orcish Mines
 11986 | Orc:1    | Found Vun Osop's Gadget Shop.
 11991 | Orc:1    | Received a gift from Okawaru
 12046 | Orc:1    | Paralysed by an orc sorcerer for 3 turns
 12047 | Orc:1    | Slain by an orc warrior

Levels and vault maps discovered:
D:1:      minmay_arrival_open_corners, layout_basic, minmay_misc_feat_x
D:2:      layout_rooms, overflow_temple_1_default, minmay_statues_item,
          uniq_crazy_yiuf_cottage
D:3:      layout_basic, serial_rivers, chequers_serial_rivers_micro_b,
          chequers_serial_rivers_small_a, chequers_serial_rivers_micro_e,
          chequers_serial_rivers_micro_a, trog_book
D:4:      layout_rooms, grunt_qazlal_sundering,
          minmay_temple_entry_purple_smoke, first_ration
D:5:      layout_rooms, gup_sewer_entry_glass, basic_altar,
          minmay_misc_feat_ornament, mrwooster_statue_mirror,
          uniq_prince_ribbit1
D:6:      layout_basic, led_sif_book, serial_shops, shop, tgw_kikubaaqudgha,
          uniq_edmund
D:7:      layout_basic, hangedman_abyss_or_decor_stagger
D:8:      layout_layer_cave
D:9:      layout_loops_ring, nicolae_overflow_hidden_temple, dpeg_lair_monsters,
          orc_0_dummy, serial_shops, shop, shop
D:10:     layout_rooms, serial_shops, nicolae_shop_window_shopping, serial_ice,
          serial_ice_j, serial_ice_f, serial_ice_c, serial_ice_n, serial_ice_b,
          serial_ice_g, serial_ice_h, serial_ice_e, serial_ice_o, serial_ice_d,
          gammafunk_ghost_icy
D:11:     layout_roguey, hangedman_pestilent_swarm, nicolae_wwwww,
          lightli_elemental_guards
D:12:     layout_basic, tgw_lugonu_bribe, uniq_fannar
D:13:     layout_basic, david_vaults_5
Orc:1:    layout_diamond_mine, serial_shops, shop

Skill      XL: |  1  2  3  4  5  6  7  8  9 10 11 12 |
---------------+-------------------------------------+-----
Bows           | 6 7 8 9 10 | 10.9
Dodging        | 2 3 5 6 7 |  7.2
Invocations    | 1 2 3 5 |  5.1
Fighting       | 3 4 5 7 9 10 11 | 11.0
Axes           | 1 4 6 8 9 |  9.1
Shields        | 1 4 |  4.0
Stealth        | |  0.4

Action                   |  1- 3 |  4- 6 |  7- 9 | 10-12 || total
-------------------------+-------+-------+-------+-------++-------
Melee: Short sword       |    16 |    19 |       |       ||    35
       Kick              |     2 |     8 |    47 |   108 ||   165
       Quarterstaff      |       |    68 |   120 |       ||   188
       War axe           |       |       |   138 |   423 ||   561
 Fire: Shortbow          |    94 |    88 |    33 |       ||   215
Invok: Heroism           |       |     1 |     5 |    12 ||    18
       Finesse           |       |       |       |     1 ||     1
Evoke: Wand              |       |       |       |    12 ||    12
  Use: Scroll            |       |       |    14 |     9 ||    23
       Potion            |       |       |     3 |     5 ||     8
 Stab: Petrified         |       |       |     1 |       ||     1
       Sleeping          |       |       |     1 |     5 ||     6
       Paralysed         |       |       |       |     2 ||     2
  Eat: Chunk             |       |     6 |    13 |     9 ||    28
       Ration            |       |       |     1 |       ||     1
Armor: Leather armour    |    13 |    28 |    20 |       ||    61
       Troll leather arm |       |       |    80 |   108 ||   188
Dodge: Dodged            |    20 |    44 |   160 |   222 ||   446
Block: Buckler           |       |       |    34 |    91 ||   125
